TOP OF THE 1ST |
Buckhead Bowties batting - Pitching for D.C. Divided : RHP César Sandoval
|
Pitching: RHP César Sandoval
|
|
Batting: SHB Silvio Capitanio
|
0-0: Ball 1-0: Ball 2-0: Foul Ball, location: 2F 2-1: Called Strike 2-2: Strikes out looking
|
Batting: LHB Marcus Shill
|
0-0: Called Strike 0-1: Ground out 4-3 (Groundball, 4, EV 101.9 MPH)
|
Batting: LHB Jesús Encarnación
|
0-0: Ball 1-0: Called Strike 1-1: Ball 2-1: Ground out 1-3 (Groundball, 15S, EV 60.0 MPH)
|
Top of the 1st over - 0 runs, 0 hits, 0 errors, 0 left on base; Buckhead 0 - D.C. 0 |
BOTTOM OF THE 1ST |
D.C. Divided batting - Pitching for Buckhead Bowties : RHP Dave Becker
|
Pitching: RHP Dave Becker
|
|
Batting: RHB Kimi Okubo
|
0-0: Called Strike 0-1: Ball 1-1: Ball 2-1: Ball 3-1: Called Strike 3-2: Foul Ball, location: 2F 3-2: DOUBLE (Line Drive, 89D, EV 98.8 MPH)
|
Batting: LHB Buddy Patton
|
0-0: Called Strike 0-1: Foul Ball, location: 2F 0-2: Ball 1-2: Fly out, F8 (Flyball, 8RM, EV 81.9 MPH)
|
Batting: RHB Francisco Alhama
|
0-0: Called Strike 0-1: Ball 1-1: Ball 2-1: Fly out, F6 (Popup, 56, EV 76.2 MPH)
|
Batting: LHB Stanley Zijm
|
0-0: Called Strike 0-1: Ball 1-1: Ball 2-1: Foul Ball, location: 2F 2-2: Foul Ball, location: 2F 2-2: Strikes out looking
|
Bottom of the 1st over - 0 runs, 1 hit, 0 errors, 1 left on base; Buckhead 0 - D.C. 0 |
TOP OF THE 2ND |
Buckhead Bowties batting - Pitching for D.C. Divided : RHP César Sandoval
|
Batting: LHB Jared Schneider
|
0-0: Called Strike 0-1: Ball 1-1: Foul Ball, location: 2F 1-2: Ball 2-2: SINGLE (Line Drive, 3L, EV 93.8 MPH)
|
Batting: LHB Spencer Powell
|
0-0: Fly out, F7 (Flyball, 78M, EV 90.6 MPH)
|
Batting: LHB Charles Godard
|
0-0: Called Strike 0-1: Fly out, F5 (Popup, 56S, EV 79.4 MPH)
|
Batting: RHB Juan Barrón
|
0-0: Ball 1-0: Ball 2-0: Reached on error, E6 (Groundball, 6, EV 86.2 MPH) Jared Schneider to second
|
Batting: RHB Félix Fernández
|
0-0: Ball 1-0: Ball 2-0: Called Strike 2-1: Foul Ball, location: 2F 2-2: Strikes out swinging
|
Top of the 2nd over - 0 runs, 1 hit, 1 error, 2 left on base; Buckhead 0 - D.C. 0 |
BOTTOM OF THE 2ND |
D.C. Divided batting - Pitching for Buckhead Bowties : RHP Dave Becker
|
Batting: SHB Billy Dotson
|
0-0: Swinging Strike 0-1: Swinging Strike 0-2: Ground out 6-3 (Groundball, 6, EV 82.5 MPH)
|
Batting: LHB Manuel Carmona
|
0-0: Called Strike 0-1: Foul Ball, location: 2F 0-2: Ball 1-2: Ground out 6-3 (Groundball, 4M, EV 93.1 MPH)
|
Batting: RHB Layton Arntsen
|
0-0: Ball 1-0: Ground out 2-3 (Groundball, 15S, EV 67.5 MPH)
|
Bottom of the 2nd over - 0 runs, 0 hits, 0 errors, 0 left on base; Buckhead 0 - D.C. 0 |
TOP OF THE 3RD |
Buckhead Bowties batting - Pitching for D.C. Divided : RHP César Sandoval
|
Batting: RHB Obiniana Romulo
|
0-0: Ball 1-0: Called Strike 1-1: Ball 2-1: Ground out 5-3 (Groundball, 5S, EV 84.4 MPH)
|
Batting: SHB Silvio Capitanio
|
0-0: Called Strike 0-1: Ball 1-1: Ball 2-1: Fly out, F8 (Flyball, 89D, EV 90.6 MPH)
|
Batting: LHB Marcus Shill
|
0-0: Ball 1-0: Called Strike 1-1: Foul Ball, location: 2F 1-2: Foul Ball, location: 2F 1-2: Strikes out swinging
|
Top of the 3rd over - 0 runs, 0 hits, 0 errors, 0 left on base; Buckhead 0 - D.C. 0 |
BOTTOM OF THE 3RD |
D.C. Divided batting - Pitching for Buckhead Bowties : RHP Dave Becker
|
Batting: LHB Bill Butler
|
0-0: Called Strike 0-1: Ball 1-1: Swinging Strike 1-2: Ball 2-2: Foul Ball, location: 2F 2-2: Ground out 4-3 (Groundball, 4, EV 88.1 MPH)
|
Batting: LHB Jaako Haavisto
|
0-0: Fly out, F7 (Line Drive, 7, EV 84.4 MPH)
|
Batting: RHB Kimi Okubo
|
0-0: Ball 1-0: Swinging Strike 1-1: Foul Ball, location: 2F 1-2: Foul Ball, location: 2F 1-2: SOLO HOME RUN (Line Drive, 9LD, EV 106.2 MPH), Distance : 359 ft
|
Batting: LHB Buddy Patton
|
0-0: Ball 1-0: Ball 2-0: Called Strike 2-1: Ball 3-1: Foul Ball, location: 2F 3-2: Base on Balls
|
Batting: RHB Francisco Alhama
|
0-0: SINGLE (Groundball, 6MS, EV 66.2 MPH) (infield hit) Buddy Patton to second
|
Batting: LHB Stanley Zijm
|
0-0: Called Strike 0-1: Fly out, F9 (Flyball, 9LS, EV 91.2 MPH)
|
Bottom of the 3rd over - 1 run, 2 hits, 0 errors, 2 left on base; Buckhead 0 - D.C. 1 |
TOP OF THE 4TH |
Buckhead Bowties batting - Pitching for D.C. Divided : RHP César Sandoval
|
Batting: LHB Jesús Encarnación
|
0-0: Ball 1-0: Swinging Strike 1-1: Foul Ball, location: 2F 1-2: Ball 2-2: Fly out, F8 (Flyball, 8RS, EV 92.5 MPH)
|
Batting: LHB Jared Schneider
|
0-0: Ball 1-0: Called Strike 1-1: SINGLE (Groundball, 34D, EV 105.6 MPH)
|
Batting: LHB Spencer Powell
|
0-0: Ball 1-0: Called Strike 1-1: Ball 2-1: Swinging Strike 2-2: Ball 3-2: Strikes out swinging Jared Schneider steals 2nd base Batter strikes out.
|
Batting: LHB Charles Godard
|
0-0: Fly out, F7 (Line Drive, 7, EV 95.0 MPH)
|
Top of the 4th over - 0 runs, 1 hit, 0 errors, 1 left on base; Buckhead 0 - D.C. 1 |
BOTTOM OF THE 4TH |
D.C. Divided batting - Pitching for Buckhead Bowties : RHP Dave Becker
|
Batting: SHB Billy Dotson
|
0-0: Ground out 3-1 (Groundball, 34S, EV 89.4 MPH)
|
Batting: LHB Manuel Carmona
|
0-0: Ground out 4-3 (Groundball, 4, EV 96.9 MPH)
|
Batting: RHB Layton Arntsen
|
0-0: Ground out 4-3 (Groundball, 4, EV 78.1 MPH)
|
Bottom of the 4th over - 0 runs, 0 hits, 0 errors, 0 left on base; Buckhead 0 - D.C. 1 |
TOP OF THE 5TH |
Buckhead Bowties batting - Pitching for D.C. Divided : RHP César Sandoval
|
Batting: RHB Juan Barrón
|
0-0: Hit by Pitch
|
Batting: RHB Félix Fernández
|
0-0: Ball 1-0: Ball 2-0: Ball 3-0: Foul Ball, location: 2F 3-1: Called Strike 3-2: Fly out, F9 (Line Drive, 9, EV 90.6 MPH)
|
Batting: RHB Obiniana Romulo
|
0-0: Called Strike 0-1: Ball 1-1: Swinging Strike 1-2: Foul Ball, location: 2F 1-2: Ball 2-2: Foul Ball, location: 2F 2-2: Foul Ball, location: 2F 2-2: Strikes out looking
|
Batting: SHB Silvio Capitanio
|
0-0: Ball 1-0: Ball 2-0: Ground out 1-3 (Groundball, 15S, EV 66.2 MPH)
|
Top of the 5th over - 0 runs, 0 hits, 0 errors, 1 left on base; Buckhead 0 - D.C. 1 |
BOTTOM OF THE 5TH |
D.C. Divided batting - Pitching for Buckhead Bowties : RHP Dave Becker
|
Batting: LHB Bill Butler
|
0-0: Ball 1-0: Foul Ball, location: 2F 1-1: Foul Ball, location: 2F 1-2: Ball 2-2: Ground out 1-3 (Groundball, 13S, EV 66.9 MPH)
|
Batting: LHB Jaako Haavisto
|
0-0: Ball 1-0: Ball 2-0: Fly out, F9 (Flyball, 89M, EV 96.9 MPH)
|
Batting: RHB Kimi Okubo
|
0-0: Ball 1-0: Ball 2-0: Foul Ball, location: 2F 2-1: Ball 3-1: Fly out, F6 (Popup, 6M, EV 61.9 MPH)
|
Bottom of the 5th over - 0 runs, 0 hits, 0 errors, 0 left on base; Buckhead 0 - D.C. 1 |
TOP OF THE 6TH |
Buckhead Bowties batting - Pitching for D.C. Divided : RHP César Sandoval
|
Batting: LHB Marcus Shill
|
0-0: Ball 1-0: Ball 2-0: Ball 3-0: SINGLE (Groundball, 4MD, EV 106.2 MPH)
|
Batting: LHB Jesús Encarnación
|
0-0: Ball 1-0: Ball 2-0: Foul Ball, location: 2F 2-1: SINGLE (Groundball, 6MD, EV 95.0 MPH) Marcus Shill to second Runner from 2nd tries for 3rd, SAFE, no throw by CF
|
Batting: LHB Jared Schneider
|
0-0: Ball 1-0: Ball 2-0: Foul Ball, location: 2F 2-1: Foul Ball, location: 2F 2-2: Fly out, F8 (Line Drive, 8LD, EV 92.5 MPH) Runner from 3rd tags up, OUT at HOME! 8-2 Jesús Encarnación to second
|
Batting: LHB Spencer Powell
|
0-0: Ball 1-0: Foul Ball, location: 2F 1-1: Ball 2-1: Ball 3-1: Base on Balls
|
Pitching: LHP Henry Davis
|
|
Batting: LHB Charles Godard
|
0-0: Fly out, F8 (Flyball, 89M, EV 76.9 MPH)
|
Top of the 6th over - 0 runs, 2 hits, 0 errors, 2 left on base; Buckhead 0 - D.C. 1 |
BOTTOM OF THE 6TH |
D.C. Divided batting - Pitching for Buckhead Bowties : RHP Dave Becker
|
Batting: LHB Buddy Patton
|
0-0: TRIPLE (Flyball, 9LD, EV 105.6 MPH)
|
Batting: RHB Francisco Alhama
|
0-0: SINGLE (Groundball, 4D, EV 98.1 MPH) Buddy Patton scores
|
Batting: LHB Stanley Zijm
|
0-0: Ball Francisco Alhama steals 2nd base 1-0: Ball 2-0: Swinging Strike 2-1: Fly out, F7 (Flyball, 7LD, EV 100.6 MPH)
|
Batting: SHB Billy Dotson
|
0-0: Called Strike 0-1: Called Strike 0-2: Foul Ball, location: 2F 0-2: Strikes out swinging
|
Batting: LHB Manuel Carmona
|
0-0: Ball 1-0: Fly out, F7 (Flyball, 78M, EV 85.0 MPH)
|
Bottom of the 6th over - 1 run, 2 hits, 0 errors, 1 left on base; Buckhead 0 - D.C. 2 |
TOP OF THE 7TH |
Buckhead Bowties batting - Pitching for D.C. Divided : LHP Henry Davis
|
Batting: RHB Juan Barrón
|
0-0: Ground out 6-3 (Groundball, 6, EV 83.8 MPH)
|
Batting: RHB Félix Fernández
|
0-0: Ball 1-0: Ball 2-0: Swinging Strike 2-1: Ball 3-1: DOUBLE (Line Drive, 89XD, EV 107.5 MPH)
|
Batting: RHB Obiniana Romulo
|
0-0: Called Strike 0-1: Ball 1-1: Ground out 5-3 (Groundball, 5L, EV 105.6 MPH)
|
Batting: SHB Silvio Capitanio
|
0-0: Ball 1-0: Ground out 6-3 (Groundball, 6S, EV 93.1 MPH)
|
Top of the 7th over - 0 runs, 1 hit, 0 errors, 1 left on base; Buckhead 0 - D.C. 2 |
BOTTOM OF THE 7TH |
D.C. Divided batting - Pitching for Buckhead Bowties : RHP Dave Becker
|
Batting: RHB Layton Arntsen
|
0-0: Called Strike 0-1: Fly out, F9 (Flyball, 9S, EV 83.1 MPH)
|
Batting: LHB Bill Butler
|
0-0: Ball 1-0: Ball 2-0: Called Strike 2-1: Ground out 4-3 (Groundball, 4, EV 88.1 MPH)
|
Batting: LHB Jaako Haavisto
|
0-0: Ball 1-0: Ball 2-0: Ball 3-0: Called Strike 3-1: Called Strike 3-2: Foul Ball, location: 2F 3-2: Ground out 6-3 (Groundball, 6, EV 101.9 MPH)
|
Bottom of the 7th over - 0 runs, 0 hits, 0 errors, 0 left on base; Buckhead 0 - D.C. 2 |
TOP OF THE 8TH |
Buckhead Bowties batting - Pitching for D.C. Divided : LHP Henry Davis
|
Batting: LHB Marcus Shill
|
0-0: Ball 1-0: Ground out 4-3 (Groundball, 4, EV 84.4 MPH)
|
Batting: LHB Jesús Encarnación
|
0-0: Called Strike 0-1: Called Strike 0-2: Ball 1-2: Ball 2-2: Foul Ball, location: 2F 2-2: Ball 3-2: Strikes out swinging
|
Batting: LHB Jared Schneider
|
0-0: Ball 1-0: Foul Ball, location: 2F 1-1: Ball 2-1: Ball 3-1: Called Strike 3-2: Fly out, F9 (Line Drive, 9, EV 93.1 MPH)
|
Top of the 8th over - 0 runs, 0 hits, 0 errors, 0 left on base; Buckhead 0 - D.C. 2 |
BOTTOM OF THE 8TH |
D.C. Divided batting - Pitching for Buckhead Bowties : RHP Dave Becker
|
Batting: RHB Kimi Okubo
|
0-0: Ball 1-0: Foul Ball, location: 2F 1-1: Ball 2-1: Fly out, F8 (Line Drive, 8LD, EV 96.9 MPH)
|
Batting: LHB Buddy Patton
|
0-0: Called Strike 0-1: Foul Ball, location: 2F 0-2: Ball 1-2: Ball 2-2: Ball 3-2: Fly out, F6 (Popup, 6M, EV 57.5 MPH)
|
Batting: RHB Francisco Alhama
|
0-0: Ball 1-0: Fly out, F7 (Flyball, 78S, EV 95.6 MPH)
|
Bottom of the 8th over - 0 runs, 0 hits, 0 errors, 0 left on base; Buckhead 0 - D.C. 2 |
TOP OF THE 9TH |
Buckhead Bowties batting - Pitching for D.C. Divided : LHP Henry Davis
|
Pitching: RHP Sidney Crosbie
|
|
Batting: LHB Spencer Powell
|
0-0: Ball 1-0: Foul Ball, location: 2F 1-1: Foul Ball, location: 2F 1-2: Ball 2-2: Ground out 5-3 (Groundball, 56S, EV 79.4 MPH)
|
Batting: LHB Charles Godard
|
0-0: Called Strike 0-1: SOLO HOME RUN (Flyball, 9LD, EV 96.2 MPH), Distance : 342 ft
|
Batting: RHB Juan Barrón
|
0-0: Ball 1-0: Foul Ball, location: 2F 1-1: Ball 2-1: Ball 3-1: Ground out 5-3 (Groundball, 5, EV 95.0 MPH)
|
Batting: RHB Félix Fernández
|
0-0: Called Strike 0-1: Foul Ball, location: 2F 0-2: Ground out 6-3 (Groundball, 6, EV 103.8 MPH)
|
Top of the 9th over - 1 run, 1 hit, 0 errors, 0 left on base; Buckhead 1 - D.C. 2 |
|